 Dungeon Crawl Stone Soup version 0.18.1-48-g4cf74bf (webtiles) character file.

70 Gargoyl the Skirmisher (level 4, -5/55 HPs)
             Began as a Demonspawn Abyssal Knight on Aug 22, 2016.
             Was a Believer of Lugonu.
             Slain by a worm (10 damage)
             ... on level 3 of the Dungeon.
             The game lasted 00:05:23 (1846 turns).

Gargoyl the Skirmisher (Demonspawn Abyssal Knight)  Turns: 1846, Time: 00:05:24

Health: -5/55      AC:  7    Str: 18    XL:     4   Next: 4%
Magic:  5/5        EV: 11    Int: 18    God:    Lugonu [**....]
Gold:   78         SH:  0    Dex: 13    Spells: 0 memorised, 3 levels left

rFire  . . .     SeeInvis .     a - +1 hand axe
rCold  . . .     Gourm    .     e - +0 ring mail
rNeg   . . .     Faith    .     (no shield)
rPois  .         Spirit   .     (no helmet)
rElec  .         Dismiss  .     (no cloak)
rCorr  .         Reflect  .     j - +0 pair of gloves
SustAt .         Harm     .     (no boots)
MR     .....                    (no amulet)
Stlth  ..........               (no ring)
                                i - +1 ring of protection

@: brilliant, berserking, very quick, not resistant to hostile enchantments,
extremely unstealthy
A: claws 2, hooves 1
a: Depart the Abyss, Bend Space, Renounce Religion


You were on level 3 of the Dungeon.
You worshipped Lugonu.
Lugonu was pleased with you.
You were not hungry.

You visited 1 branch of the dungeon, and saw 3 of its levels.
You visited the Abyss 1 time.

You collected 78 gold pieces.

Inventory:

Hand Weapons
 a - a +1 hand axe (weapon)
 d - a +0 spear
Armour
 e - a +0 ring mail (worn)
 j - a +0 pair of gloves (worn)
Jewellery
 i - a +1 ring of protection (left hand)
Scrolls
 b - a scroll of noise {unknown}
 g - a scroll of enchant armour {unknown}
 h - a scroll of random uselessness {unknown}
 k - a scroll of amnesia {unknown}
 n - a scroll of magic mapping {unknown}
 p - a scroll of remove curse {unknown}
 q - a scroll of teleportation {unknown}
Potions
 f - a potion of brilliance
 o - a potion of degeneration {unknown}
Comestibles
 c - 3 bread rations
 l - 3 fruits
 r - a chunk of flesh


   Skills:
 + Level 3.9 Fighting
 + Level 2.0 Axes
 * Level 2.6 Armour
 + Level 1.3 Dodging
 + Level 0.2 Stealth
 + Level 2.6 Invocations


You had 3 spell levels left.
You didn't know any spells.

Dungeon Overview and Level Annotations

Branches:
Dungeon (3/15)

Altars:
Ashenzari


Innate Abilities, Weirdness & Mutations

You have very sharp fingernails.
You have large cloven feet.


Message History

You miss the goblin.
The goblin is severely wounded.
The goblin misses you.
Robin hits you with a spear of piercing.
* * * LOW HITPOINT WARNING * * *
x2 You slash Robin!
You kill Robin!
Lugonu accepts your kill.
You have reached level 4!
You feel agile.
Your demonic ancestry asserts itself...
Your fingernails sharpen.
You hit the goblin.
You kill the goblin!
Lugonu accepts your kill.
You slash the worm! Your kick misses the worm.
The worm is moderately wounded.
You slash the worm! Your kick misses the worm.
The worm is almost dead.
The worm bites you!
You die...

## ... #... ##
..... .#
#.....#######.#
#.....w@).....#
###.#.######..#
# #..# #.# #..#
# #.# #..#
#>#.# ###..#
.#.# #....# ..#
#.#.## #.#
#.#.#


You could see a worm.

Vanquished Creatures
  Robin (D:3)
  An ooze (D:2)
  2 dart slugs (D:2)
  A giant gecko (D:2)
  2 giant cockroaches
  14 goblins
  7 hobgoblins
  3 jackals
  4 bats
  A giant newt (D:1)
  6 kobolds
  6 rats
48 creatures vanquished.

Notes
Turn   | Place    | Note
--------------------------------------------------------------
     0 | Abyss:1  | Gargoyl the Demonspawn Abyssal Knight began the quest for the Orb.
     0 | Abyss:1  | Reached XP level 1. HP: 18/18 MP: 2/2
    88 | Abyss:3  | Noticed a large abomination
    93 | Abyss:3  | Noticed an ancient zyme
    94 | Abyss:3  | Noticed a smoke demon
    95 | D:1      | Escaped the Abyss
   285 | D:1      | Reached * piety under Lugonu
   435 | D:1      | Gained mutation: You have sharp fingernails. [demonic ancestry]
   435 | D:1      | Reached XP level 2. HP: 21/24 MP: 3/3
   790 | D:2      | Reached skill level 1 in Dodging
   927 | D:2      | Found a shattered altar of Ashenzari.
  1231 | D:2      | Gained mutation: You have large cloven feet. [demonic ancestry]
  1231 | D:2      | Reached XP level 3. HP: 29/29 MP: 4/4
  1241 | D:2      | Reached ** piety under Lugonu
  1809 | D:3      | Noticed Robin
  1844 | D:3      | Killed Robin
  1844 | D:3      | Gained mutation: You have very sharp fingernails. [demonic ancestry]
  1844 | D:3      | Reached XP level 4. HP: 5/37 MP: 5/5
  1846 | D:3      | Slain by a worm

Skill      XL: |  1  2  3 |
---------------+----------+-----
Armour         | 2 |  2.6
Dodging        | 1 |  1.3
Axes           | 2 |  2.0
Fighting       | |  3.9
Stealth        | |  0.2
Invocations    | |  2.6

Action                   |  1- 3 |  4- 6 || total
-------------------------+-------+-------++-------
Melee: Hand axe          |   140 |     2 ||   142
       Kick              |    17 |       ||    17
Invok: Depart the Abyss  |     1 |       ||     1
  Use: Potion            |     2 |       ||     2
  Eat: Chunk             |     3 |       ||     3
Armor: Ring mail         |    71 |       ||    71
Dodge: Dodged            |    92 |       ||    92
